 Dungeon Crawl Stone Soup version 0.25.1-8-g42b30a86e7 (webtiles) character file.

Game seed: 1519367142163996361

412 Destapler the Skirmisher (level 6, -1/48 HPs)
             Began as a Mummy Abyssal Knight on Dec 13, 2020.
             Was a Believer of Lugonu.
             Slain by an ogre
             ... wielding a +0 giant club
              (22 damage)
             ... on level 4 of the Dungeon.
             The game lasted 00:09:51 (4195 turns).

Destapler the Skirmisher (Mummy Abyssal Knight)     Turns: 4195, Time: 00:09:52

Health: -1/48      AC:  8    Str: 18    XL:     6   Next: 59%
Magic:  8/8        EV: 12    Int: 11    God:    Lugonu [**....]
Gold:   243        SH:  0    Dex: 17    Spells: 5/5 levels left

rFire    x . .     SeeInvis .   a - +2 mace (drain)
rCold    + . .     Gourm    .   (no shield)
rNeg     + + +     Faith    .   b - +0 leather armour
rPois    ∞         Spirit   .   (no helmet)
rElec    .         Reflect  .   j - +0 cloak
rCorr    .         Harm     .   (no gloves)
MR       .....                  (no boots)
Stlth    ++........             (no amulet)
HPRegen  0.16/turn              c - +4 ring of protection
MPRegen  0.11/turn              i - +6 ring of dexterity

@: no status effects
A: no food or potions, fire vulnerability, cold resistance 1, negative energy
resistance 3, torment resistance, unbreathing
a: Depart the Abyss, Bend Space, Renounce Religion


You were on level 4 of the Dungeon.
You worshipped Lugonu.
Lugonu was pleased with you.
You were not hungry.

You visited 1 branch of the dungeon, and saw 4 of its levels.
You visited the Abyss 1 time.

You collected 243 gold pieces.

Inventory:

Hand Weapons
 a - a +2 mace of draining (weapon)
 t - the +3 rapier of Destiny {flame, Str+4 Dex+5, unknown}
   (You found it on level 4 of the Dungeon)

   It has been specially enchanted to burn those struck by it, causing extra
   injury to most foes and up to half again as much damage against particularly
   susceptible opponents.
   It affects your strength (+4).
   It affects your dexterity (+5).
Missiles
 k - 16 poisoned darts (quivered)
Armour
 b - a +0 leather armour (worn)
 j - a +0 cloak (worn)
 m - a cursed +0 tower shield
Jewellery
 c - a +4 ring of protection (left hand)
 h - an uncursed ring of ice
 i - a +6 ring of dexterity (right hand)
Wands
 n - a wand of flame (10)
 o - a wand of clouds (5)
 q - a wand of random effects (21)
Scrolls
 d - 2 scrolls of identify
 e - 2 scrolls of enchant weapon {unknown}
 f - 2 scrolls of fog {unknown}
 g - 5 scrolls of teleportation {unknown}
 l - a scroll of blinking {unknown}
 p - a scroll of remove curse
 r - a scroll of amnesia {unknown}
 s - a scroll of magic mapping {unknown}


   Skills:
 + Level 4.0 Fighting
 + Level 2.7 Maces & Flails
 + Level 2.7 Armour
 + Level 2.3 Dodging
 + Level 1.2 Stealth
 + Level 0.9 Shields
 + Level 2.9 Invocations
 + Level 0.5 Evocations


You had 5 spell levels left.
You didn't know any spells.
Your spell library contained the following spells:

 Spells                   Type           Power        Failure   Level  Hunger
 Animate Skeleton         Necr           N/A          38%         1    N/A
 Apportation              Tloc           #.....       38%         1    N/A
 Corona                   Hex            #......      38%         1    N/A
 Summon Small Mammal      Summ           #...         38%         1    N/A

Dungeon Overview and Level Annotations

Branches:
Dungeon (4/15)             Temple (0/1) D:4

Altars:
Fedhas
Ru
Vehumet


Innate Abilities, Weirdness & Mutations

You do not eat or drink.
Your flesh is vulnerable to fire.
You are immune to poison.
Your flesh is cold resistant. (rC+)
You are immune to negative energy. (rN+++)
You are immune to unholy pain and torment.
You can survive without breathing.


Message History

An ogre comes into view. It is wielding a +0 giant club.
The ogre shouts!
You closely miss the ogre. The ogre closely misses you.
You hit the ogre. You drain the ogre.
The ogre is lightly wounded.
The ogre hits you with a +0 giant club!
You hit the ogre.
The ogre is lightly wounded.
The ogre misses you.
You sock the ogre!
The ogre is heavily wounded.
The ogre closely misses you.
You thump the ogre!
The ogre is severely wounded.
The ogre hits you with a +0 giant club!
* * * LOW HITPOINT WARNING * * *
You hit the ogre.
The ogre is almost dead.
The ogre hits you with a +0 giant club!!
You die...

#.....###.....!...#...## .#
#.................##...# .#
#......###.........##..###..+
#.....## #.........##...##..#
#....## #.........###......#
#....# #.........# ##..##.#
#...## #.........# #.....#
#...# #.........# ##....#
##..# #..@......# ##...#
#..O.....## ##..# #........#
#..' ##.......# ##.#
##......# #.# ###...## #.#
#..# ##.# ### ##... #....


You could see an ogre (drained).

Vanquished Creatures
  An ogre (D:4)
  A hound (D:4)
  Crazy Yiuf (D:2)
  2 orc wizards (D:4)
  Natasha (thrice) (D:2)
  2 worker ants (D:4)
  2 adders (D:4)
  2 worms (D:2)
  A dart slug (D:4)
  A leopard gecko (D:3)
  8 orcs
  A giant cockroach (D:4)
  11 goblins
  6 hobgoblins
  6 jackals
  2 kobolds (D:1)
  2 ball pythons (D:4)
  4 bats
  4 frilled lizards
  A quokka skeleton (D:4)
  4 rats
  A fungus (D:2)
66 creatures vanquished.

Notes
Turn   | Place    | Note
-------+----------+-------------------------------------------
     0 | Abyss:1  | Destapler the Mummy Abyssal Knight began the quest for the
                  | Orb.
     0 | Abyss:1  | Reached XP level 1. HP: 18/18 MP: 2/2
   125 | Abyss:1  | Found a corrupted altar of Lugonu.
   156 | Abyss:1  | Noticed a wight
   156 | Abyss:1  | Noticed a wight
   156 | Abyss:1  | Noticed a wight
   156 | Abyss:1  | Noticed a wight
   171 | D:1      | Escaped the Abyss
   251 | D:1      | Reached skill level 1 in Dodging
   255 | D:1      | Reached XP level 2. HP: 10/24 MP: 3/3
  1113 | D:2      | Reached ** piety under Lugonu
  1209 | D:2      | Reached XP level 3. HP: 29/29 MP: 4/4
  1558 | D:2      | Noticed Natasha
  1559 | D:2      | Found a radiant altar of Vehumet.
  1559 | D:2      | You fall into a shaft and drop 1 floor!
  1948 | D:2      | Killed Natasha
  1948 | D:2      | Reached XP level 4. HP: 22/35 MP: 5/5
  2150 | D:2      | Noticed Natasha
  2166 | D:2      | Killed Natasha
  2391 | D:2      | Noticed Natasha
  2401 | D:2      | Killed Natasha
  2792 | D:2      | Found a runed translucent door.
  2793 | D:2      | Noticed Crazy Yiuf
  2804 | D:2      | Killed Crazy Yiuf
  2804 | D:2      | Reached XP level 5. HP: 31/42 MP: 6/6
  3208 | D:3      | Found a blossoming altar of Fedhas.
  3476 | D:4      | Found a staircase to the Ecumenical Temple.
  3518 | D:4      | Found a sacrificial altar of Ru.
  3704 | D:4      | Noticed an ogre
  3710 | D:4      | Killed an ogre
  3710 | D:4      | Reached skill level 4 in Fighting
  3710 | D:4      | Reached skill level 1 in Stealth
  3710 | D:4      | Reached XP level 6. HP: 38/48 MP: 8/8
  3961 | D:4      | Got an iridescent rapier
  4195 | D:4      | Slain by an ogre

Illustrated notes

Levels and vault maps discovered:
D:1:      heliophobic_arrival_ceremonial_halls, layout_basic
D:2:      layout_loops_ring, vehumet_crystals, uniq_crazy_yiuf_cottage,
          uniq_natasha
D:3:      layout_basic, fedhas_ov_isle_minmay
D:4:      layout_cave_pods, nicolae_overflow_hidden_temple,
          nicolae_ru_great_annihilating_truth, minmay_temple_entry_crystal_x,
          solitary_fountain, st_stairs_8, minmay_quadrilaterals

Skill      XL: |  1  2  3  4  5 |
---------------+----------------+-----
Dodging        | 1 2 |  2.3
Invocations    | 2 |  2.9
Maces & Flails | 2 |  2.7
Armour         | 2 |  2.7
Fighting       | 4 |  4.0
Stealth        | 1 |  1.2
Shields        | |  0.9
Evocations     | |  0.5

Action                   |  1- 3 |  4- 6 || total
-------------------------+-------+-------++-------
Melee: Mace              |    67 |   124 ||   191
       Whip              |    86 |       ||    86
       Dagger            |    17 |       ||    17
Throw: Dart              |       |     2 ||     2
Invok: Bend Space        |     1 |     2 ||     3
  Use: Scroll            |     2 |       ||     2
Armor: Leather armour    |    95 |    48 ||   143
Dodge: Dodged            |   109 |    58 ||   167
